 Dungeon Crawl Stone Soup version 0.24.0-123-gd5b16e6ec5 (webtiles) character file.

Game seed: 667225373294039557, levelgen mode: deterministic

197 engine7v the Chopper (level 5, -1/42 HPs)
             Began as a Demonspawn Berserker on Feb 7, 2020.
             Was a Believer of Trog.
             Killed from afar by Eustachio (4 damage)
             ... with a puff of flame
             ... on level 4 of the Dungeon on Feb 8, 2020.
             The game lasted 00:18:44 (3329 turns).

engine7v the Chopper (Demonspawn Berserker)         Turns: 3329, Time: 00:18:45

Health: -1/42      AC: 11    Str: 19    XL:     5   Next: 46%
Magic:  5/5        EV:  5    Int:  4    God:    Trog [**....]
Gold:   157        SH:  8    Dex: 12    Spells: 4/4 levels left

rFire    . . .     SeeInvis .   a - +0 hand axe
rCold    . . .     Gourm    .   d - +0 shield
rNeg     . . .     Faith    .   c - +0 chain mail
rPois    +         Spirit   .   e - +0 helmet
rElec    .         Reflect  .   (no cloak)
rCorr    .         Harm     .   (no gloves)
MR       .....     Clarity  +   o - +0 pair of boots
Stlth    ..........             (no amulet)
HPRegen  0.14/turn              g - -4 ring of intelligence (curse)
MPRegen  0.09/turn              j - ring of attention (curse)

@: berserk cooldown
A: claws 1, clarity, poison resistance, no potion heal 1, rot immunity
a: Berserk, Trog's Hand, Renounce Religion


You were on level 4 of the Dungeon.
You worshipped Trog.
Trog was pleased with you.
You were not hungry.

You visited 1 branch of the dungeon, and saw 4 of its levels.

You collected 157 gold pieces.

Inventory:

Hand Weapons
 a - a +0 hand axe (weapon)
Armour
 b - a +0 animal skin
 c - a +0 chain mail (worn)
 d - a +0 shield (worn)
 e - a +0 helmet (worn)
 f - a +0 scale mail
 o - a +0 pair of boots (worn)
Jewellery
 g - a cursed -4 ring of intelligence (left claw)
 j - a cursed ring of attention (right claw)
 m - an uncursed ring of protection from fire {unknown}
 p - a cursed ring of positive energy
Scrolls
 i - a scroll of identify {unknown}
 k - a scroll of remove curse {unknown}
Potions
 h - a potion of curing
 n - a potion of brilliance {unknown}
Comestibles
 l - a ration


   Skills:
 + Level 3.7 Fighting
 + Level 4.1 Axes
 + Level 2.3 Armour
 + Level 2.0 Dodging
 + Level 1.9 Stealth
 + Level 1.2 Shields


You had 4 spell levels left.
You didn't know any spells.
Your spell library was empty.

Dungeon Overview and Level Annotations

Branches:
Dungeon (4/15)             Temple (0/1) D:4

Altars:

Annotations:
D:4 Eustachio


Innate Abilities, Weirdness & Mutations

You have sharp fingernails.
You are immune to rotting.
You possess an exceptional clarity of mind.
Your system is resistant to poisons. (rPois)
Potions are less effective at restoring your health.


Message History

Eustachio blinks!
The bat hits you but does no damage.
Found a runed robe.
You block the bat's attack.
Eustachio mumbles some strange words.
Eustachio blinks!
The river rat bites you!
* * * LOW HITPOINT WARNING * * *
Found a scroll labeled INIAFE DESAICH.
The bat hits you but does no damage.
Eustachio gestures wildly while chanting.
Eustachio blinks!
Found a stone staircase leading down.
You see here a ration.
The bat hits you but does no damage.
Found a ruby potion.
The bat barely misses you.
Eustachio gestures wildly while chanting.
Eustachio blinks!
The river rat bites you but does no damage.
Eustachio zaps a wand.
The puff of flame hits you.
You die...

......##.# ..........
......# .. ..>..>.....#
......### ##............
###.....####............
###.#.#..##..##.[.......
........................
.#...##..#.###..........
..#.#..#...#.%..........
..#(...#.....rrb@.......
##....#..#...##.........
...>..().#.##...........
#....##....##...........
....#..#..$##........!..
..#.#......##.........@#
##...#.................#
......#...##...?.....##
.........##.. ..


You could see Eustachio, 2 river rats and a bat.

Vanquished Creatures
  Terence (D:2)
  An orc wizard (D:3)
  A worker ant (D:4)
  3 adders
  A gnoll (D:1)
  An ooze (D:3)
  3 worms
  3 dart slugs
  5 orcs
  A ball python (D:2)
  7 giant cockroaches
  9 goblins
  2 hobgoblins
  10 jackals (D:2)
  A quokka (D:2)
  5 bats
  6 frilled lizards
  A kobold (D:2)
  5 rats
66 creatures vanquished.

Notes
Turn   | Place    | Note
-------+----------+-------------------------------------------
     0 | D:1      | engine7v the Demonspawn Berserker began the quest for the
                  | Orb.
     0 | D:1      | Reached XP level 1. HP: 18/18 MP: 1/1
   710 | D:1      | Reached skill level 3 in Axes
   710 | D:1      | Gained mutation: You are immune to rotting. [demonic
                  | ancestry]
   710 | D:1      | Reached XP level 2. HP: 16/24 MP: 2/2
  1106 | D:1      | Gained mutation: Your system is resistant to poisons.
                  | (rPois) [potion of mutation]
  1106 | D:1      | Gained mutation: Potions are less effective at restoring
                  | your health. [potion of mutation]
  1106 | D:1      | Gained mutation: You possess an exceptional clarity of
                  | mind. [potion of mutation]
  1173 | D:2      | Noticed Terence
  1203 | D:2      | Killed Terence
  1203 | D:2      | Reached XP level 3. HP: 25/29 MP: 3/3
  1211 | D:2      | Reached skill level 1 in Stealth
  1672 | D:2      | Reached XP level 4. HP: 24/37 MP: 4/4
  1890 | D:2      | Reached ** piety under Trog
  2639 | D:3      | Gained mutation: You have sharp fingernails. [demonic
                  | ancestry]
  2639 | D:3      | Reached XP level 5. HP: 42/42 MP: 5/5
  2718 | D:3      | Found a glowing drain.
  2727 | D:3      | Reached skill level 1 in Shields
  3112 | D:3      | Reached skill level 4 in Axes
  3265 | D:4      | Found a staircase to the Ecumenical Temple.
  3276 | D:4      | Noticed Eustachio
  3324 | D:4      | HP: 2/42 [river rat[Eustachio] (7)]
  3329 | D:4      | Killed from afar by Eustachio

Levels and vault maps discovered:
D:1:      grunt_arrival_crossed_arrows, layout_loops_corners
D:2:      layout_basic, first_ration, uniq_terence
D:3:      layout_basic, gup_sewer_entry_glass, serial_curves, eino_curves_02,
          eino_curves_02, eino_curves_01
D:4:      layout_rooms, minmay_temple_entry_mini_moons,
          kennysheep_generic_room_3, uniq_eustachio, uniq_crazy_yiuf_cottage,
          uniq_duvessa

Skill      XL: |  1  2  3  4  5 |
---------------+----------------+-----
Axes           | 3 4 |  4.1
Dodging        | 2 |  2.0
Stealth        | 1 |  1.9
Armour         | 2 |  2.3
Shields        | 1 |  1.2
Fighting       | |  3.7

Action                   |  1- 3 |  4- 6 || total
-------------------------+-------+-------++-------
Melee: Hand axe          |   127 |   191 ||   318
Invok: Berserk           |     1 |     2 ||     3
  Use: Potion            |     4 |     4 ||     8
       Scroll            |     4 |     2 ||     6
 Stab: Sleeping          |     1 |       ||     1
  Eat: Ration            |     1 |     2 ||     3
       Chunk             |       |     2 ||     2
Armor: Animal skin       |    16 |       ||    16
       Chain mail        |    32 |   155 ||   187
Dodge: Dodged            |    37 |    54 ||    91
Block: Shield            |    51 |    86 ||   137
